 Dungeon Crawl Stone Soup version 0.25-a0-857-g60a0bcd8b5 (webtiles) character file.

Game seed: 10543203838285857373, levelgen mode: deterministic

21 Glorfindel the Stinger (level 2, 0/11 HPs)
             Began as a Felid Venom Mage on Apr 26, 2020.
             Killed from afar by Sigmund (11 damage)
             ... with a magic dart
             ... on level 2 of the Dungeon.
             The game lasted 00:08:31 (1055 turns).

Glorfindel the Stinger (Felid Venom Mage)           Turns: 1055, Time: 00:08:31

Health: 0/11       AC:  1    Str:  4    XL:     2   Next: 62%
Magic:  2/6        EV: 18    Int: 16    God:
Gold:   52         SH:  0    Dex: 16    Spells: 2/5 levels left
                                        Lives:  0   Deaths: 0

rFire    . . .     SeeInvis +   (weapon unavailable)
rCold    . . .     Gourm    .   (shield unavailable)
rNeg     . . .     Faith    .   (armour unavailable)
rPois    .         Spirit   .   (helmet unavailable)
rElec    .         Reflect  .   (cloak unavailable)
rCorr    .         Harm     .   (gloves unavailable)
MR       .....                  (boots unavailable)
Stlth    +++.......             (no amulet)
HPRegen  0.03/turn              (no ring)
MPRegen  0.10/turn              (no ring)

@: very slightly contaminated, quick
A: very small, no armour, no weapons or thrown items, stealth, claws 1, fangs 3,
see invisible, carnivore, speed 1, shaggy fur 1, slow metabolism 1, sharp paws
a: no special abilities


You were on level 2 of the Dungeon.
You were completely stuffed.

You visited 1 branch of the dungeon, and saw 2 of its levels.

You collected 52 gold pieces.

Inventory:

Scrolls
 c - a scroll of remove curse {unknown}
 e - a scroll of enchant armour {unknown}
 f - 2 scrolls of teleportation {unknown}
 g - a scroll of identify {unknown}
Potions
 a - a potion of curing {unknown}
 d - a potion of might {unknown}
 h - 2 potions of heal wounds {unknown}
Comestibles
 b - 4 rations


   Skills:
 - Level 2.6 Dodging
 - Level 2.6 Stealth
 - Level 2.0 Spellcasting
 - Level 1.1 Transmutations
 - Level 1.0 Air Magic
 + Level 3.3 Poison Magic


You had 2 spell levels left.
You knew the following spells:

 Your Spells              Type           Power        Failure   Level  Hunger
v - Poisonous Vapours     Pois/Air       #.....       13%         2    ###....
z - Sting                 Tmut/Pois      #...         9%          1    #......

Your spell library contained the following spells:

 Spells                   Type           Power        Failure   Level  Hunger
 Ignite Poison            Fire/Tmut/Pois #.......     34%         3    ###....
 Mephitic Cloud           Conj/Pois/Air  #.......     34%         3    ###....
 Olgreb's Toxic Radiance  Pois           ##......     45%         4    #####..


Dungeon Overview and Level Annotations

Branches:
Dungeon (2/15)

Altars:

Annotations:
D:2 Sigmund


Innate Abilities, Weirdness & Mutations

You cannot wear armour.
You are incapable of wielding weapons or throwing items.
Your paws allow you to move quietly. (Stealth)
You have sharp claws.
You have razor-sharp teeth.
You have supernaturally acute eyesight. (SInv)
You are carnivorous and can eat meat at any time.
You cover ground quickly.
You are covered in fur. (AC +1)
You have a slow metabolism.
Your sharp claws are effective at attacking unaware monsters.


Message History

Aim: Sigmund, wielding a +3 scythe and wearing a +0 robe Poisonous vapours surround Sigmund!
Sigmund is engulfed in poison gas.
Sigmund is poisoned.
The kobold throws a stone.
The stone closely misses you.
You see here a stone.
Casting: Poisonous Vapours (safe; 13% risk of failure)
Confirm with . or Enter, or press ? or * to list all spells.
Aiming: Poisonous Vapours (safe; 13% risk of failure)
Press: ? - help, Dir - move target cursor, f/p - Sigmund
Aim: Sigmund, wielding a +3 scythe and wearing a +0 robe (moderately wounded, poisoned)
You miscast Poisonous Vapours.
You are very lightly contaminated with residual magic.
Nothing appears to happen.
Sigmund gestures wildly while chanting.
Sigmund flickers and vanishes for a moment.
Sigmund whispers, "You'll know eternity soon."
Sigmund gestures at you while chanting. The magic dart hits you!
Ouch! That really hurt!
You die...

#.# #.#
##.###########.#
#............#.#
##.#########.#.#
#<.........#.#.#
##########.#.#.# .
#.#.#.# ...
#.#.#.########.....
#.#.#.@..(...@K....
#.#.##########.....
#.#.# ... #.#.# #
#.#.# #.#.#
#########.#.#
#.........#.#
#.#########.#


You could see Sigmund (invisible).

Vanquished Creatures
  A worm (D:2)
  A dart slug (D:1)
  2 bats (D:1)
  A giant cockroach (D:1)
  2 goblins (D:1)
  2 hobgoblins (D:1)
  3 frilled lizards (D:1)
  A kobold (D:2)
  4 rats (D:1)
17 creatures vanquished.

Notes
Turn   | Place    | Note
-------+----------+-------------------------------------------
     0 | D:1      | Glorfindel the Felid Venom Mage began the quest for the
                  | Orb.
     0 | D:1      | Reached XP level 1. HP: 7/7 MP: 4/4
   157 | D:1      | Reached skill level 3 in Poison Magic
   300 | D:1      | Reached XP level 2. HP: 11/11 MP: 3/6
   329 | D:1      | Learned a level 2 spell: Poisonous Vapours
   561 | D:1      | //[voe i h b]
   639 | D:1      | Reached skill level 1 in Air Magic
   899 | D:2      | //strawberry :-)
  1048 | D:2      | Noticed Sigmund
  1055 | D:2      | Killed from afar by Sigmund

Levels and vault maps discovered:
D:1:      dpeg_arrival_snail, layout_basic
D:2:      layout_basic, first_ration, uniq_sigmund

Skill      XL: |  1  2 |
---------------+-------+-----
Poison Magic   | 3 |  3.3
Air Magic      | 1 |  1.0
Dodging        | |  2.6
Stealth        | |  2.6
Spellcasting   | |  2.0
Transmutations | |  1.1

Action                   || total
-------------------------++-------
Melee: Unarmed           ||     4
 Cast: Sting             ||    25
       Poisonous Vapours ||     1
 Stab: Sleeping          ||     2
  Eat: Chunk             ||     8
Dodge: Dodged            ||     7

Table legend:
 A = Non-vault XP
 B = Vault XP
 C = Vault XP percentage of total XP
 D = Non-vault monster count
 E = Vault monster count
 F = Vault count percentage of total count
                 A         B        C        D         E       F
            +---------+---------+-------+---------+---------+-------
      Total |      30 |       0 |   0.0 |      17 |       0 |   0.0
            +---------+---------+-------+---------+---------+-------
        D:1 |      24 |       0 |   0.0 |      15 |       0 |   0.0
        D:2 |       6 |       0 |   0.0 |       2 |       0 |   0.0
            +---------+---------+-------+---------+---------+-------
